 Dungeon Crawl Stone Soup version 0.26-a0-664-gc8b27b8fc1 (webtiles) character file.

Game seed: 5271316150875816787

0 Gargoyl the Skirmisher (level 1, -1/23 HPs)
             Began as a Gnoll Abyssal Knight on Oct 13, 2020.
             Was a Follower of Lugonu.
             Slain by an ancient zyme (10 damage)
             ... on level 1 of the Abyss.
             The game lasted 00:00:37 (157 turns).

Gargoyl the Skirmisher (Gnoll Abyssal Knight)        Turns: 157, Time: 00:00:37

Health: -1/23      AC:  3    Str: 14    XL:     1   Next: 0%
Magic:  3/3        EV: 12    Int: 14    God:    Lugonu [*.....]
Gold:   8          SH:  0    Dex: 14    Spells: 0/0 levels left

rFire    . . .     SeeInvis .   a - +1 hand axe
rCold    . . .     Faith    .   (no shield)
rNeg     . . .     Spirit   .   b - +0 leather armour
rPois    .         Reflect  .   (no helmet)
rElec    .         Harm     .   (no cloak)
rCorr    .         Rampage  .   (no gloves)
MR       .....                  (no boots)
Stlth    +.........             (no amulet)
HPRegen  0.07/turn              (no ring)
MPRegen  0.08/turn              (no ring)

@: no status effects
A: distributed training, fangs 1, strong nose
a: Depart the Abyss, Renounce Religion


You were on level 1 of the Abyss.
You worshipped Lugonu.
Lugonu was aware of your devotion.
You visited 0 branches of the dungeon, and saw 0 of its levels.
You visited the Abyss 1 time.

You collected 8 gold pieces.

Inventory:

Hand Weapons
 a - a +1 hand axe (weapon)
Armour
 b - a +0 leather armour (worn)


   Skills:
 + Level 6.4 Fighting
 + Level 0.0 Short Blades
 + Level 0.0 Long Blades
 + Level 4.4 Axes
 + Level 0.0 Maces & Flails
 + Level 0.0 Polearms
 + Level 0.0 Staves
 + Level 0.0 Slings
 + Level 0.0 Bows
 + Level 0.0 Crossbows
 + Level 0.0 Throwing
 + Level 4.4 Armour
 + Level 2.3 Dodging
 + Level 0.0 Stealth
 + Level 0.0 Shields
 + Level 0.0 Unarmed Combat
 + Level 0.0 Spellcasting
 + Level 0.0 Conjurations
 + Level 0.0 Hexes
 + Level 0.0 Summonings
 + Level 0.0 Necromancy
 + Level 0.0 Translocations
 + Level 0.0 Transmutations
 + Level 0.0 Fire Magic
 + Level 0.0 Ice Magic
 + Level 0.0 Air Magic
 + Level 0.0 Earth Magic
 + Level 0.0 Poison Magic
 + Level 4.4 Invocations
 + Level 0.0 Evocations


You couldn't memorise any spells.
You didn't know any spells.
Your spell library was empty.

Dungeon Overview and Level Annotations

Branches:
Dungeon (0/15)

Altars:


Innate Abilities, Weirdness & Mutations

Your experience applies equally to all skills.
You have very sharp teeth.
Your uncanny sense of smell can sniff out nearby items.


Message History

The small abomination closely misses you.
Found 23 stones.
You see here 24 stones.
Found 8 gold pieces.
Found a scroll labeled SOHAGG ESAIPS.
You now have 8 gold pieces.
c - a scroll labeled SOHAGG ESAIPS
As you read the scroll labeled SOHAGG ESAIPS, it crumbles to dust.
You feel momentarily disoriented.
It was a scroll of magic mapping.
A thrashing horror comes into view.
A tentacled starspawn and a zombie come into view.
Tentacles burst from the starspawn's body! 2 starspawn tentacles come into view.
A frost giant simulacrum comes into view.
An ancient zyme comes into view.
The ancient zyme misses you. The ancient zyme hits you!
Ouch! That really hurt!
You feel yourself growing ill in the presence of the ancient zyme.
The ancient zyme completely misses you. The ancient zyme hits you!
You die...

..###.#...##.#.#..##. ..
.#..## #....##.#.#......
........#.#....# #..## ##
#...#...#..##....##.#.
#..##.Z...X.#.###.#.#....
#..#...W##...##.....#.#
#...#.##..#..#.#. .#.#
..###.##.#.#..#..###.##
##@x...##.## ...#.#
#.....### ## #######
#..##.# ...# #.. #.#. ###
####


You could see an ancient zyme.

Vanquished Creatures (others)
  2 starspawn tentacles (Abyss:1)
2 creatures vanquished.

Notes
Turn   | Place    | Note
-------+----------+-------------------------------------------
     0 | Abyss:1  | Gargoyl the Gnoll Abyssal Knight began the quest for the
                  | Orb.
     0 | Abyss:1  | Reached XP level 1. HP: 23/23 MP: 3/3
    50 | Abyss:1  | Found a corrupted altar of Lugonu.
    56 | Abyss:1  | Noticed a small abomination
    58 | Abyss:1  | Found a corrupted altar of Lugonu.
   122 | Abyss:1  | Noticed a thrashing horror
   139 | Abyss:1  | Noticed a wraith
   147 | Abyss:1  | Noticed a tentacled starspawn
   147 | Abyss:1  | Noticed an ettin zombie
   153 | Abyss:1  | Noticed a frost giant simulacrum
   155 | Abyss:1  | Noticed an ancient zyme
   157 | Abyss:1  | Slain by an ancient zyme

Illustrated notes

Levels and vault maps discovered:
Abyss:1:  evilmike_abyss_exit_vortex, minivault_25

Action                   || total
-------------------------++-------
  Use: Scroll            ||     1
       Potion            ||     1
Armor: Leather armour    ||     1
Dodge: Dodged            ||     3

Table legend: (Time is in decaauts)
 A = Elapsed time spent in this place.
 B = Non-inter-level travel time spent in this place.
 C = Inter-level travel time spent in this place.
 D = Time resting spent in this place.
 E = Time spent auto-exploring this place.
 F = Levels seen in this place.
 G = Mean time per level.
                   A        B        C        D        E       F      G
               +--------+--------+--------+--------+--------+-----+--------+
         Total |    157 |    157 |      0 |      0 |     56 |   1 |  157.0 |
         Abyss |    157 |    157 |      0 |      0 |     56 |   1 |  157.0 |
               +--------+--------+--------+--------+--------+-----+--------+

Top non-repeatable levels by time:
 Abyss:1: 157 daAuts
